 Dungeon Crawl Stone Soup version 0.30.0-29-ga12c61a403 (webtiles) character file.

Game seed: 5067486491872086403

760 qw the Chopper (level 7, -6/43 HPs)
             Began as a Gargoyle Fighter on June 3, 2023.
             Mangled by Prince Ribbit (11 damage)
             ... on level 5 of the Dungeon.
             The game lasted 00:01:31 (3253 turns).

qw the Chopper (Gargoyle Fighter)                   Turns: 3253, Time: 00:01:32

Health: -6/43      AC: 13    Str: 21    XL:     7   Next: 80%
Magic:  7/7        EV:  8    Int:  9    God:
Gold:   242        SH:  4    Dex:  9    Spells: 6/6 levels left

rFire   . . .        Y - +0 war axe (flame)
rCold   . . .        c - +0 buckler
rNeg    + . .        k - +0 chain mail
rPois   inf          (no helmet)
rElec   +            (no cloak)
rCorr   .            (no gloves)
SInv    .            (no boots)
Will    .....        m - amulet of the acrobat Stlth
                     (no ring)
HPRegen 0.27/turn    (no ring)
MPRegen 0.10/turn

%: acrobat
@: no status effects
A: sickness immunity, AC +4, negative energy resistance 1, electricity
resistance, torment resistance 1, petrification resistance
a: no special abilities


You were on level 5 of the Dungeon.
You visited 1 branch of the dungeon, and saw 5 of its levels.

You collected 242 gold pieces.


Innate Abilities, Weirdness & Mutations

You are immune to sickness and miasma.
Your stone body is resilient. (AC +4)
You are immune to poison.
You resist negative energy. (rN+)
You are resistant to electric shocks. (rElec)
You are resistant to unholy torment.
You are immune to petrification.


   Skills:
 + Level 4.0 Fighting
 - Level 7.2 Axes
 - Level 3.2 Armour
 - Level 1.7 Dodging
 - Level 3.2 Shields


You had 6 spell levels left.
You didn't know any spells.
Your spell library was empty.

Inventory:

Hand Weapons
 Y - a +0 war axe of flaming (weapon)
Missiles
 h - 2 boomerangs (quivered)
Armour
 c - a +0 buckler (worn)
 k - a +0 chain mail (worn)
Jewellery
 m - an amulet of the acrobat (around neck)
Scrolls
 i - 3 scrolls of butterflies {unknown}
 l - a scroll of identify
Potions
 a - a potion of attraction
 b - a potion of lignification
 d - 2 potions of might
 e - 5 potions of curing
 f - a potion of resistance {unknown}
 g - 2 potions of heal wounds
 j - a potion of invisibility {unknown}

Dungeon Overview and Level Annotations

Branches:
Dungeon (5/15)
 Temple: D:4-7

Altars:
Ru

Annotations:
D:5 Prince Ribbit


Message History

You throw a boomerang. The boomerang hits the ogre.
The ogre is lightly wounded.
You slash the ogre! You burn the ogre.
The ogre is heavily wounded.
The ogre closely misses you.
You barely miss the ogre.
The ogre is heavily wounded.
You closely miss the ogre.
The ogre is heavily wounded.
You block the ogre's attack.
You barely miss the ogre.
The ogre is heavily wounded.
The ogre hits you with a +0 giant club!!
Ouch! That really hurt!
You barely miss the ogre.
The ogre is heavily wounded.
You block the ogre's attack.
You slash the ogre! You burn the ogre.
The ogre is almost dead.
The ogre hits you with a +0 giant club.
You hit the ogre. You burn the ogre.
You kill the ogre!
Your Axes skill increases to level 7!
You start resting.
Prince Ribbit comes into view.
3227 ||| Stepping ~*~*~tactically~*~*~ (stealth).
3228 ||| Stepping ~*~*~tactically~*~*~ (stealth).
You start resting.
Prince Ribbit is nearby!
3236 ||| Stepping ~*~*~tactically~*~*~ (stealth).
You start resting.
Prince Ribbit is nearby!
You are too injured to fight recklessly!
Prince Ribbit gives a loud, deep croak!
Prince Ribbit completely misses you.
You miss Prince Ribbit. Prince Ribbit hits you.
You miss Prince Ribbit. Prince Ribbit hits you! x2
You die...

##.# #+# .F.#
#.# # #..# #.#
#F###..# ##.##
......#
##...## ....
#.....####.
#)#####
#..........
#..F@.#
#.#.#######
#####.####.#.#
#......#.#
########.# #.#
#.# ##
#.######## #.#
#.#....... #.#
#.#.#####.


You could see Prince Ribbit.

Vanquished Creatures
  Sigmund (D:2)
  A black bear (D:4)
  2 ogres
  A scorpion (D:4)
  A hound (D:4)
  2 orc priests
  Natasha (D:1)
  6 gnolls
  3 adders
  2 worms
  4 dart slugs
  7 orcs
  2 ball pythons (D:1)
  6 endoplasms
  3 giant cockroaches
  4 hobgoblins
  3 jackals (D:2)
  2 kobolds (D:1)
  6 quokkas
  4 bats (D:2)
  3 frilled lizards
  11 goblins
  7 rats
82 creatures vanquished.

Notes
Turn   | Place    | Note
-------+----------+-------------------------------------------
     0 | D:1      | qw the Gargoyle Fighter began the quest for the Orb.
     0 | D:1      | Reached XP level 1. HP: 14/14 MP: 1/1
     0 | D:1      | 0 ||| qw: Version: 0.2-a-103-g5a998e5
     0 | D:1      | 0 ||| qw: Game counter: 1111
     0 | D:1      | 0 ||| qw: Always use a shield: true
     0 | D:1      | 0 ||| qw: God list: Okawaru
     0 | D:1      | 0 ||| qw: Allow faded altars: false
     0 | D:1      | 0 ||| qw: Do Orc after D:15 true
     0 | D:1      | 0 ||| qw: Do second Lair branch before Depths: true
     0 | D:1      | 0 ||| qw: Lair rune preference: random
     0 | D:1      | 0 ||| qw: Plans: Normal, Zot:1-4, Slime:5, God:TSO, Crypt,
                  | Tomb, Pan, Hells, Abyss, Win
     0 | D:1      | 0 ||| PLANNING D:1-11
    51 | D:1      | Reached skill level 2 in Axes
   142 | D:1      | Reached XP level 2. HP: 16/19 MP: 2/2
   344 | D:1      | Reached skill level 3 in Axes
   413 | D:1      | Reached XP level 3. HP: 22/23 MP: 3/3
   506 | D:1      | 506 ||| UPGRADING to +0 chain mail.
   516 | D:1      | 516 ||| DROPPING +0 scale mail.
   517 | D:1      | 517 ||| READING 2 scrolls labelled JEFUNUEWNI.
   518 | D:1      | 518 ||| READING scroll labelled YROUTE CYEPS.
   519 | D:1      | 519 ||| DROPPING +0 club.
   520 | D:1      | 520 ||| READING scroll labelled VURUAT MUVVESE.
   521 | D:1      | 521 ||| READING 2 scrolls labelled SEILIO ARUW.
   522 | D:1      | 522 ||| READING scroll labelled SUUGOH KYKHANO.
   523 | D:1      | 523 ||| DRINKING 2 murky ruby potions.
   524 | D:1      | 524 ||| DROPPING scroll of poison.
   525 | D:1      | 525 ||| DROPPING potion of brilliance.
   544 | D:2      | Noticed Natasha
   548 | D:2      | 548 ||| STAIRDANCE
   554 | D:1      | Killed Natasha
   691 | D:2      | Reached XP level 4. HP: 23/28 MP: 4/4
   855 | D:2      | Reached skill level 4 in Axes
   878 | D:2      | 878 ||| Stepping ~*~*~tactically~*~*~ (stealth).
   914 | D:2      | 914 ||| Stepping ~*~*~tactically~*~*~ (stealth).
   925 | D:2      | Noticed Sigmund
   948 | D:2      | Killed Sigmund
   949 | D:2      | Reached skill level 5 in Axes
   949 | D:2      | Reached XP level 5. HP: 18/32 MP: 5/5
   949 | D:2      | Reached XP level 6. HP: 21/37 MP: 6/6
  1287 | D:2      | 1287 ||| Stepping ~*~*~tactically~*~*~ (stealth).
  1290 | D:2      | 1290 ||| Stepping ~*~*~tactically~*~*~ (stealth).
  1355 | D:2      | 1355 ||| DRINKING 2 orange potions.
  1356 | D:2      | 1356 ||| READING 2 scrolls of identify.
  1356 | D:2      | 1356 ||| IDENTIFYING fizzy green potion
  1413 | D:3      | HP: 7/38 [gnoll/+0 club (4)]
  1673 | D:3      | 1673 ||| Stepping ~*~*~tactically~*~*~ (hiding).
  1719 | D:3      | Found a faded altar of an unknown god.
  1876 | D:3      | 1876 ||| Stepping ~*~*~tactically~*~*~ (hiding).
  2293 | D:3      | 2293 ||| READING 2 scrolls of identify.
  2293 | D:3      | 2293 ||| IDENTIFYING bubbling pink potion
  2382 | D:4      | Noticed a black bear
  2395 | D:4      | Reached skill level 6 in Axes
  2396 | D:4      | Killed a black bear
  2397 | D:4      | Reached skill level 1 in Dodging
  2397 | D:4      | Reached XP level 7. HP: 30/43 MP: 7/7
  2514 | D:4      | 2514 ||| Stepping ~*~*~tactically~*~*~ (stealth).
  2541 | D:4      | 2541 ||| FLEEEEING.
  2542 | D:4      | 2542 ||| FLEEEEING.
  2548 | D:4      | 2548 ||| FLEEEEING.
  2549 | D:4      | 2549 ||| FLEEEEING.
  2555 | D:4      | 2555 ||| FLEEEEING.
  2556 | D:4      | 2556 ||| FLEEEEING.
  2558 | D:4      | 2558 ||| FLEEEEING.
  2559 | D:4      | 2559 ||| FLEEEEING.
  2560 | D:4      | 2560 ||| Stepping ~*~*~tactically~*~*~ (hiding).
  2663 | D:4      | Found Siechiyla's Distillery.
  2883 | D:4      | Found a sacrificial altar of Ru.
  3013 | D:4      | 3013 ||| UPGRADING to amulet of the acrobat.
  3018 | D:4      | 3018 ||| READING scroll labelled HYUZUBEU NABAE.
  3021 | D:4      | 3021 ||| READING scroll labelled JYWE BUSTEDO.
  3022 | D:4      | 3022 ||| READING scroll labelled SURCHI BIUCO.
  3028 | D:5      | Entered Level 5 of the Dungeon
  3225 | D:5      | Reached skill level 7 in Axes
  3226 | D:5      | Noticed Prince Ribbit
  3227 | D:5      | 3227 ||| Stepping ~*~*~tactically~*~*~ (stealth).
  3228 | D:5      | 3228 ||| Stepping ~*~*~tactically~*~*~ (stealth).
  3236 | D:5      | 3236 ||| Stepping ~*~*~tactically~*~*~ (stealth).
  3253 | D:5      | HP: 5/43 [Prince Ribbit (11)]
  3253 | D:5      | Mangled by Prince Ribbit

Levels and vault maps discovered:
D:1:      dpeg_arrival_tiny_h, layout_basic
D:2:      layout_loops_ring, uniq_sigmund, uniq_natasha
D:3:      layout_basic, hellmonk_ecumenical_altar_heavens_door,
          dreamdust_princess_corridor, nicolae_titane
D:4:      layout_basic, hangedman_ru_absence, serial_shops, shop, minmay_vboxes
D:5:      layout_loops_corners, uniq_prince_ribbit1

Skill      XL: |  1  2  3  4  5  6  7 |
---------------+----------------------+-----
Axes           | 2 3 5 6 7 |  7.2
Fighting       | 4 |  4.0
Dodging        | 1 |  1.7
Armour         | |  3.2
Shields        | |  3.2

Action                     |  1- 3 |  4- 6 |  7- 9 || total
---------------------------+-------+-------+-------++-------
  Melee: War axe           |    77 |   123 |    39 ||   239
  Throw: Boomerang         |       |     7 |    12 ||    19
    Use: Scroll            |     5 |     2 |     3 ||    10
         Potion            |     1 |     1 |       ||     2
   Stab: Distracted        |       |       |     1 ||     1
 Armour: Scale mail        |    30 |       |       ||    30
         Chain mail        |     2 |    87 |     8 ||    97
  Dodge: Dodged            |    28 |    33 |    10 ||    71
  Block: Buckler           |    11 |    30 |     8 ||    49

Table legend:
 A = Non-vault XP
 B = Vault XP
 C = Vault XP percentage of total XP
 D = Non-vault monster count
 E = Vault monster count
 F = Vault count percentage of total count
                 A         B        C        D         E       F
            +---------+---------+-------+---------+---------+-------
      Total |     656 |     430 |  39.6 |      72 |      10 |  12.2
            +---------+---------+-------+---------+---------+-------
        D:1 |      46 |      35 |  43.2 |      23 |       1 |   4.2
        D:2 |      38 |     223 |  85.4 |      21 |       1 |   4.5
        D:3 |     140 |       0 |   0.0 |      17 |       0 |   0.0
        D:4 |     297 |     172 |  36.7 |       9 |       8 |  47.1
        D:5 |     135 |       0 |   0.0 |       2 |       0 |   0.0
            +---------+---------+-------+---------+---------+-------
